 Dungeon Crawl Stone Soup version 0.22.1-1-ga44c0e5 (webtiles) character file.

19579 HaraKiri the Nimble (level 12, -2/159 HPs)
             Began as a Troll Monk on Oct 13, 2018.
             Was a High Priest of Makhleb.
             Slain by a spriggan rider
             ... wielding the +7 spear of Saoleusch {flame, rElec Str+7}
              (13 damage)
             ... on level 3 of the Lair of Beasts.
             The game lasted 01:10:28 (12201 turns).

HaraKiri the Nimble (Troll Monk)                   Turns: 12201, Time: 01:10:29

Health: -2/159     AC:  9    Str: 35    XL:     12   Next: 37%
Magic:  25/25      EV: 19    Int:  6    God:    Makhleb [*****.]
Gold:   787        SH:  0    Dex: 18    Spells: 11/11 levels left

rFire    + + .     SeeInvis .     - Unarmed
rCold    + . .     Gourm    +   (no shield)
rNeg     . . .     Faith    .   H - +1 robe of the Nexus {Dex+5}
rPois    +         Spirit   .   (helmet restricted)
rElec    +         Reflect  .   v - +2 cloak {rPois}
rCorr    +         Harm     .   (gloves unavailable)
MR       .....                  (boots unavailable)
Stlth    ..........             u - amulet of rage
HPRegen  0.76/turn              D - ring of magical power
MPRegen  0.19/turn              P - +5 ring of strength

@: berserking, resistant, very slightly contaminated, hasted, drained, very
quick
A: large, unfitting armour, claws 3, horns 1, fire resistance 1, fast metabolism
3, gourmand, regeneration 1, shaggy fur 1, tough skin 2
a: Minor Destruction, Lesser Servant of Makhleb, Major Destruction, Greater
Servant of Makhleb, Renounce Religion, Evoke Berserk Rage


You were on level 3 of the Lair of Beasts.
You worshipped Makhleb.
Makhleb was extremely pleased with you.
You were not hungry.

You visited 2 branches of the dungeon, and saw 15 of its levels.
You also visited: Labyrinth and Ossuary.

You collected 787 gold pieces.

Inventory:

Hand Weapons
 r - a cursed -2 hunting sling
 w - a +0 blowgun
 N - the +11 hunting sling of Defenestration {freeze, Str+3, unknown}
   (You took it off a minotaur in a labyrinth)

   It causes projectiles fired from it to freeze those they strike, causing
   extra injury to most foes and up to half again as much damage against
   particularly susceptible opponents.
   They can also slow down cold-blooded creatures.
   It affects your strength (+3).
Missiles
 q - 125 stones (quivered)
Armour
 a - a +0 robe
 v - a +2 cloak of poison resistance (worn)
 H - the +1 robe of the Nexus (worn) {Dex+5}
   (You found it on level 7 of the Dungeon)

   It affects your dexterity (+5).
 I - a +0 robe of fire resistance
Jewellery
 u - an amulet of rage (around neck)
 D - a ring of magical power (left claw)
 P - a +5 ring of strength (right claw)
Wands
 y - a wand of random effects (30)
 F - a wand of polymorph (11)
 O - a wand of paralysis (9)
Scrolls
 d - 7 scrolls of teleportation
 f - 2 scrolls of enchant weapon
 g - 5 scrolls of enchant armour
 h - 5 scrolls of identify
 i - 6 scrolls of remove curse
 l - 3 scrolls of fear
 o - 2 scrolls of magic mapping
 t - 3 scrolls of blinking
 A - 2 scrolls of noise
 J - a scroll of random uselessness
Potions
 c - 7 potions of mutation
 e - 2 potions of might
 j - 2 potions of invisibility
 k - 3 potions of lignification {unknown}
 m - 4 potions of curing
 n - 2 potions of haste
 p - 2 potions of brilliance {unknown}
 s - 3 potions of cancellation {unknown}
 x - 2 potions of heal wounds {unknown}
 z - a potion of agility
 B - 3 potions of resistance
 C - 2 potions of degeneration {unknown}
 E - 2 potions of ambrosia {unknown}
 L - a potion of magic {unknown}
Comestibles
 b - 29 rations


   Skills:
 + Level 3.6(2.8) Fighting
 * Level 12.9(11.9) Dodging
 - Level 1.0(0.3) Stealth
 + Level 11.3(10.3) Unarmed Combat
 - Level 6.9(6.1) Invocations


You had 11 spell levels left.
You didn't know any spells.
Your spell library contained the following spells:

 Spells                   Type           Power        Failure   Level  Hunger
 Animate Skeleton         Necr           N/A          45%         1    ##.....
 Apportation              Tloc           #.....       45%         1    ##.....
 Confusing Touch          Hex            #.....       45%         1    ##.....
 Corona                   Hex            #......      45%         1    ##.....
 Flame Tongue             Conj/Fire      #....        45%         1    ##.....
 Summon Butterflies       Summ           #.......     45%         1    ##.....
 Summon Small Mammal      Summ           #...         45%         1    ##.....
 Blink                    Tloc           N/A          58%         2    ###....
 Slow                     Hex            #.......     58%         2    ###....
 Throw Flame              Conj/Fire      #.....       58%         2    ###....
 Conjure Flame            Conj/Fire      #.......     83%         3    ####...
 Inner Flame              Hex/Fire       #.......     83%         3    ####...
 Lesser Beckoning         Tloc           #.........   83%         3    ####...
 Portal Projectile        Hex/Tloc       #.....       83%         3    ####...
 Teleport Other           Tloc           #.......     83%         3    ####...
 Tukima's Dance           Hex            #.......     83%         3    ####...
 Cause Fear               Hex            #.........   99%         4    #####..
 Leda's Liquefaction      Hex/Erth       #.........   99%         4    #####..
 Sticky Flame             Conj/Fire      #.......     99%         4    #####..
 Alistair's Intoxication  Tmut/Pois      #.......     100%        5    ######.
 Borgnjor's Vile Clutch   Necr/Erth      #.........   100%        5    ######.
 Fireball                 Conj/Fire      #.........   100%        5    ######.
 Dispersal                Tloc           #.........   100%        6    #######
 Invisibility             Hex            #.......     100%        6    #######


Dungeon Overview and Level Annotations

Branches:
Dungeon (12/15)            Temple (0/1) D:4            Lair (3/6) D:9
 Shoals (0/4) Lair:2          Orc (0/2) D:10
  Snake: Lair:2-4    Spider: Lair:2-4

Altars:
Elyvilon
Fedhas
Hepliaklqana
Makhleb
Sif Muna
Xom
Yredelemnul
Beogh

Shops:
D:11 (

Annotations:
D:6 TBC (eels), exclusion: 2 doors
Lair:2 kalagan's ghost, journeyman HOFi


Innate Abilities, Weirdness & Mutations

You are too large for most types of armour.
You have claws for hands.
Your metabolism is lightning-fast.
You like to eat raw meat.
Your natural rate of healing is unusually fast.
You are covered in fur. (AC +1)
You have very tough skin. (AC +2)
You have a pair of small horns on your head.
Your flesh is heat resistant. (rF+)


Message History

The wolf is almost dead.
The wolf bites you.
* * * LOW HITPOINT WARNING * * *
You scratch the wolf.
You kill the wolf!
Makhleb accepts your kill.
You feel better.
The spriggan rider hits you from afar with a jewelled spear {flame}!
* * * LOW HITPOINT WARNING * * *
The spriggan rider burns you.
* * * LOW HITPOINT WARNING * * *
A red film seems to cover your vision as you go berserk!
You feel yourself moving faster!
You feel mighty!
You feel a lot more hungry.
The spriggan rider hits you with a jewelled spear {flame}.
* * * LOW HITPOINT WARNING * * *
You mangle the spriggan rider!!
Your headbutt misses the spriggan rider.
The spriggan rider is moderately wounded.
The spriggan rider hits you with a jewelled spear {flame}!
You die...

.#. # #....# #...#.
#.... ##..#.#########
#.##....P...#.#
#.#....ยงยง.....##
#......####i5.#
##.##.3## ##@5###..#
#.......5####5.....#
....#.....##.3.##...#
##.............###.##
##.................
#.............#.#..
##..............#
###.........#..#
#......?..#....


You could see a spriggan rider, a friendly ynoxinul and 3 friendly ufetubi.

Vanquished Creatures
  A hydra (Lair:2)
  A two-headed ogre (D:8)
  A death yak (D:8)
  A gargoyle (D:11)
  A spiny frog (Lair:1)
  4 komodo dragons
  A hornet (D:11)
  A troll (D:10)
  8 blink frogs
  Grinder (D:5)
  A polar bear (D:8)
  3 slime creatures (D:12)
  2 hippogriffs
  A spriggan (D:10)
  2 wyverns
  A human (D:10)
  A basilisk (D:12)
  15 yaks
  A hungry ghost (D:8)
  2 wargs (D:9)
  3 water moccasins
  9 orc warriors
  A porcupine (Lair:2)
  7 ice beasts
  3 black bears
  3 sky beasts
  3 centaurs
  9 ogres
  6 wolves
  2 crocodiles
  3 elf zombies (Ossuary)
  A big kobold (D:10)
  8 bullfrogs
  A wyvern zombie (D:12)
  A wyvern skeleton (D:5)
  2 scorpions
  4 wights (D:6)
  8 killer bees
  A howler monkey (D:9)
  12 crimson imps
  4 human zombies (Ossuary)
  A quasit (D:9)
  7 centaur zombies
  17 orc priests
  9 hounds
  17 orc wizards
  Crazy Yiuf (D:3)
  A gnoll shaman (D:7)
  4 jellies
  3 centaur skeletons
  4 iguanas
  9 worker ants
  Terence (D:3)
  A bullfrog simulacrum (D:8)
  A hound skeleton (D:9)
  3 mummies (Ossuary)
  3 worker ant zombies
  A howler monkey zombie (D:7)
  9 gnolls
  11 adders
  A river rat (D:8)
  A shadow imp (D:6)
  2 white imps (D:8)
  An ufetubus (D:11)
  2 oozes
  3 adder skeletons
  A worm (D:3)
  A dart slug (D:1)
  3 leopard geckos
  53 orcs
  4 bats
  2 giant cockroaches (D:2)
  8 goblins
  5 hobgoblins
  8 jackals
  11 kobolds
  3 quokkas
  2 ball pythons
  2 frilled lizards
  A leopard gecko skeleton (D:4)
  2 rats
359 creatures vanquished.

Vanquished Creatures (collateral kills)
  A minotaur (Lab)
  A two-headed ogre (D:9)
  A yak (D:10)
  3 killer bees (D:10)
  An orc wizard (D:9)
  A worker ant (D:11)
  9 orcs
17 creatures vanquished.

Vanquished Creatures (others)
  A kobold (D:10)
  2 fungi (Lair:2)
  5 plants (Lair:2)
8 creatures vanquished.

Grand Total: 384 creatures vanquished

Notes
Turn   | Place    | Note
-------+----------+-------------------------------------------
     0 | D:1      | HaraKiri the Troll Monk began the quest for the Orb.
     0 | D:1      | Reached XP level 1. HP: 22/22 MP: 0/0
   295 | D:1      | You fall through a shaft!
   314 | D:2      | Reached XP level 2. HP: 29/29 MP: 1/1
   358 | D:2      | Reached skill level 3 in Dodging
   679 | D:1      | Reached XP level 3. HP: 30/36 MP: 2/2
  1225 | D:3      | Found a burning altar of Makhleb.
  1225 | D:3      | Noticed a balrug
  1229 | D:3      | Noticed a neqoxec
  1229 | D:3      | Noticed an orange demon
  1231 | D:3      | Became a worshipper of Makhleb the Destroyer
  1231 | D:3      | Reached * piety under Makhleb
  1231 | D:3      | Reached ** piety under Makhleb
  1268 | D:3      | Reached XP level 4. HP: 43/44 MP: 3/3
  1345 | D:3      | Found a runed door.
  1410 | D:3      | Noticed Terence
  1421 | D:3      | Killed Terence
  1622 | D:3      | Noticed Crazy Yiuf
  1631 | D:3      | Killed Crazy Yiuf
  1631 | D:3      | Reached skill level 4 in Dodging
  1685 | D:4      | Reached XP level 5. HP: 50/50 MP: 4/4
  1961 | D:4      | Found a staircase to the Ecumenical Temple.
  2095 | D:4      | Reached XP level 6. HP: 43/59 MP: 5/5
  2429 | D:4      | Reached skill level 5 in Dodging
  2798 | D:5      | Entered Level 5 of the Dungeon
  2858 | D:5      | Reached skill level 5 in Unarmed Combat
  2881 | D:5      | Reached XP level 7. HP: 56/66 MP: 6/6
  2926 | D:5      | Reached *** piety under Makhleb
  2955 | D:5      | Found a sand-covered staircase.
  2960 | Ossuary  | Entered an ossuary
  3017 | Ossuary  | Reached skill level 6 in Dodging
  3172 | Ossuary  | Reached XP level 8. HP: 74/74 MP: 7/7
  3192 | Ossuary  | Reached skill level 7 in Dodging
  3227 | Ossuary  | Gained mutation: Your flesh is heat resistant. (rF+)
                  | [potion of mutation]
  3227 | Ossuary  | Gained mutation: You have a pair of small horns on your
                  | head. [potion of mutation]
  3434 | D:5      | Noticed Grinder
  3443 | D:5      | Killed Grinder
  3565 | D:5      | Reached skill level 8 in Dodging
  4017 | D:6      | Reached **** piety under Makhleb
  4029 | D:6      | Reached XP level 9. HP: 80/80 MP: 8/8
  4555 | D:6      | Reached skill level 9 in Dodging
  4627 | D:6      | Found a hazy altar of Hepliaklqana.
  4627 | D:6      | Found a deep blue altar of Sif Muna.
  5056 | D:7      | Found a white marble altar of Elyvilon.
  5111 | D:7      | Reached skill level 1 in Invocations
  5312 | D:7      | Got a faintly humming robe
  5353 | D:7      | Reached ***** piety under Makhleb
  5556 | D:7      | Found a blossoming altar of Fedhas.
  5742 | D:8      | Noticed a polar bear
  5746 | D:8      | Reached XP level 10. HP: 88/88 MP: 9/11
  5750 | D:8      | Reached skill level 10 in Dodging
  5882 | D:8      | Noticed a death yak
  5895 | D:8      | Killed a death yak
  6229 | D:8      | Noticed a two-headed ogre
  6250 | D:8      | Killed a two-headed ogre
  6495 | D:8      | Identified the +1 robe of the Nexus {Dex+5} (You found it
                  | on level 7 of the Dungeon)
  6558 | D:9      | Found a shimmering altar of Xom.
  6558 | D:9      | Found a basalt altar of Yredelemnul.
  6704 | D:9      | Noticed a two-headed ogre
  6717 | D:9      | Killed a two-headed ogre
  6717 | D:9      | Reached skill level 11 in Dodging
  6812 | D:9      | Found a staircase to the Lair.
  6827 | D:9      | Reached skill level 5 in Invocations
  6850 | D:9      | Reached XP level 11. HP: 89/94 MP: 13/13
  7086 | D:9      | Found a roughly hewn altar of Beogh.
  7303 | D:10     | Entered Level 10 of the Dungeon
  7363 | D:10     | Reached skill level 10 in Unarmed Combat
  7474 | D:10     | Reached ****** piety under Makhleb
  7679 | D:10     | Found a staircase to the Orcish Mines.
  8059 | D:11     | Found a labyrinth entrance.
  8066 | Lab      | Entered a labyrinth
  9307 | Lab      | Noticed a minotaur
  9323 | Lab      | Killed a minotaur
  9323 | Lab      | Reached skill level 12 in Dodging
  9325 | Lab      | Got a polished hunting sling {freeze}
  9330 | Lab      | Identified Sif Muna's Handbook of Displaced Stones
  9475 | D:11     | Found Wiraacif's Weapon Shoppe.
 10473 | Lair:1   | Entered Level 1 of the Lair of Beasts
 10620 | Lair:1   | Reached XP level 12. HP: 104/104 MP: 16/16
 11564 | Lair:2   | Found a staircase to the Shoals.
 11784 | Lair:2   | Noticed a four-headed hydra
 11814 | Lair:2   | Killed a seven-headed hydra
 12080 | Lair:2   | Found a runed door.
 12080 | Lair:2   | Noticed kalagan's ghost (journeyman HOFi)
 12201 | Lair:3   | Identified the +7 spear of Saoleusch {flame, rElec Str+7}
 12201 | Lair:3   | Slain by a spriggan rider

Skill      XL: |  1  2  3  4  5  6  7  8  9 10 11 12 |
---------------+-------------------------------------+-----
Dodging        | 3 4 5 6 8 9 11 12 | 12.9
Unarmed Combat | 4 5 6 7 8 9 10 11 | 11.3
Invocations    | 3 5 6 |  6.9
Fighting       | 3 |  3.6
Stealth        | |  1.0

Action                   |  1- 3 |  4- 6 |  7- 9 | 10-12 || total
-------------------------+-------+-------+-------+-------++-------
Melee: Unarmed           |    81 |   122 |   329 |   593 ||  1125
       Punch             |     2 |     2 |    10 |    29 ||    43
       Headbutt          |       |       |    41 |   145 ||   186
Invok: Minor Destruction |       |     1 |       |       ||     1
       Lesser Servant of |       |       |       |    13 ||    13
       Major Destruction |       |       |       |     2 ||     2
 Abil: Evoke Berserk Rag |       |     2 |     9 |     7 ||    18
Evoke: Wand              |       |       |     1 |     1 ||     2
  Use: Scroll            |       |     2 |       |    15 ||    17
       Potion            |       |       |     1 |     7 ||     8
 Stab: Sleeping          |     4 |     1 |       |     5 ||    10
       Distracted        |       |       |       |     6 ||     6
  Eat: Chunk             |    17 |    13 |    38 |    57 ||   125
       Ration            |       |       |       |     2 ||     2
Armor: Robe              |    19 |    38 |    69 |   124 ||   250
Dodge: Dodged            |    36 |    69 |   148 |   527 ||   780
